 Dungeon Crawl Stone Soup version 0.26-a0-652-gafc20e3620 (webtiles) character file.

Game seed: 15356709390022168005

4 mattiecakes the Sneak (level 1, 0/9 HPs)
             Began as a Vine Stalker Delver on Oct 2, 2020.
             Was an Initiate of Hepliaklqana.
             Slain by a hound (2 damage)
             ... on level 5 of the Dungeon.
             The game lasted 00:02:09 (419 turns).

mattiecakes the Sneak (Vine Stalker Delver)          Turns: 419, Time: 00:02:10

Health: 0/9        AC:  4    Str: 14    XL:     1   Next: 70%
Magic:  0/2        EV: 12    Int: 10    God:    Hepliaklqana [......]
Gold:   30         SH:  0    Dex: 15    Spells: 0/0 levels left

rFire    . . .     SeeInvis .   a - +0 spear
rCold    . . .     Faith    .   (no shield)
rNeg     . . .     Spirit   +   b - +0 leather armour
rPois    .         Reflect  .   (no helmet)
rElec    .         Harm     .   (no cloak)
rCorr    .         Rampage  .   i - +0 pair of gloves (curse)
MR       .....                  (no boots)
Stlth    +++.......             (no amulet)
HPRegen  0.03/turn              (no ring)
MPRegen  0.08/turn              (no ring)

@: no status effects
A: reduced essence, fangs 2, magic shield, antimagic bite, no potion heal 3, rot
immunity
a: Recall Ancestor, Ancestor Identity, Renounce Religion


You were on level 5 of the Dungeon.
You worshipped Hepliaklqana.
Hepliaklqana was noncommittal.
You visited 2 branches of the dungeon, and saw 2 of its levels.

You collected 30 gold pieces.

Inventory:

Hand Weapons
 a - a +0 spear (weapon)
Armour
 b - a +0 leather armour (worn)
 i - a cursed +0 pair of gloves (worn)
Wands
 g - a wand of digging (3)
Scrolls
 c - a scroll of fog
 d - a scroll of magic mapping
 e - a scroll of fear
Potions
 f - a potion of haste
 h - a potion of flight {unknown}


   Skills:
 - Level 2.6 Fighting
 + Level 2.2 Polearms
 - Level 1.5 Dodging
 - Level 6.0 Stealth


You couldn't memorise any spells.
You didn't know any spells.
Your spell library was empty.

Dungeon Overview and Level Annotations

Branches:
Dungeon (5/15)             Temple (1/1) D:5

Altars:
Ashenzari
Cheibriados
Dithmenos
Elyvilon
Fedhas
Gozag
Hepliaklqana
Makhleb
Nemelex Xobeh
Ru
Sif Muna
Uskayaw
Vehumet
The Shining One


Innate Abilities, Weirdness & Mutations

You have extremely sharp teeth.
When hurt, damage is shared between your health and your magic reserves.
Your bite disrupts and absorbs the magic of your enemies.
Potions cannot restore your health.
You are immune to rotting.
Your life essence is reduced to manifest your ancestor. (-10% HP)


Message History

You swap places.
The hound bites Amenemopet.
The adder skeleton closely misses Amenemopet.
The hound barely misses Amenemopet.
Amenemopet closely misses the hound.
The hound bites Amenemopet.
The adder skeleton barely misses Amenemopet.
Amenemopet hits the hound but does no damage.
The hound bites Amenemopet.
Amenemopet is destroyed!
There is an open door here.
Found a stone staircase leading down.
The hound misses you. The hound misses you.
The hound bites you but does no damage. The hound bites you but does no damage.
The hound closely misses you. The hound bites you but does no damage.
The hound bites you.
* * * LOW HITPOINT WARNING * * *
The hound bites you.
You die...

#.........(..#.#.#.##...
#..........#.#.#.#....##
#..........#............
#..........#.#..........
#.....######.#..##.#####
#.....# #.......#
#..#+#######....#### ..
#..#............#####.#
#..##..@h..............
#.. #.########.#.......
# #[....#### ##....#
#....# ##...# #...#####
#........ #........


You could see a hound.

Vanquished Creatures
  An ooze (D:5)
1 creature vanquished.

Vanquished Creatures (others)
  An ancestor (D:5)
1 creature vanquished.

Grand Total: 2 creatures vanquished

Notes
Turn   | Place    | Note
-------+----------+-------------------------------------------
     0 | D:5      | mattiecakes the Vine Stalker Delver began the quest for the
                  | Orb.
     0 | D:5      | Reached XP level 1. HP: 11/11 MP: 2/2
    22 | D:5      | Found a staircase to the Ecumenical Temple.
    28 | Temple   | Entered the Ecumenical Temple
   299 | Temple   | Became a worshipper of Hepliaklqana the Forgotten
   387 | D:5      | Noticed a hound
   388 | D:5      | Noticed an iguana
   419 | D:5      | Slain by a hound

Illustrated notes

Levels and vault maps discovered:
D:5:      layout_basic, minmay_temple_entry_ruins,
          ebering_ghost_reflecting_pool, kb_xom_exploding_sheep
Temple:   minmay_temple_curvy_branch

Skill      XL: |  1 |
---------------+----+-----
Polearms       | 2 |  2.2
Fighting       | |  2.6
Dodging        | |  1.5
Stealth        | |  6.0

Action                   || total
-------------------------++-------
Melee: Spear             ||     8
       Bite              ||     1
 Stab: Sleeping          ||     1
Armor: Leather armour    ||     5
Dodge: Dodged            ||     7

Table legend: (Time is in decaauts)
 A = Elapsed time spent in this place.
 B = Non-inter-level travel time spent in this place.
 C = Inter-level travel time spent in this place.
 D = Time resting spent in this place.
 E = Time spent auto-exploring this place.
 F = Levels seen in this place.
 G = Mean time per level.
                   A        B        C        D        E       F      G
               +--------+--------+--------+--------+--------+-----+--------+
         Total |    419 |    367 |     52 |      0 |    283 |   2 |  209.5 |
       Dungeon |    125 |    124 |      1 |      0 |     60 |   1 |  125.0 |
        Temple |    293 |    242 |     51 |      0 |    223 |   1 |  293.0 |
               +--------+--------+--------+--------+--------+-----+--------+

Top non-repeatable levels by time:
  Temple: 293 daAuts
     D:5: 125 daAuts
